 Dungeon Crawl Stone Soup version 0.18.1-50-g88ac8fd (webtiles) character file.

3434 Monkfish the Unseen (level 10, 0/63 HPs)
             Began as a Kobold Berserker on Oct 25, 2016.
             Was an Elder of Trog.
             Slain by a killer bee (5 damage)
             ... on level 9 of the Dungeon.
             The game lasted 00:17:39 (7011 turns).

Monkfish the Unseen (Kobold Berserker)              Turns: 7011, Time: 00:17:40

Health: 0/63       AC: 10    Str: 16    XL:     10   Next: 25%
Magic:  11/11      EV: 15    Int:  7    God:    Trog [****..]
Gold:   501        SH:  0    Dex: 19    Spells: 0 memorised, 9 levels left

rFire  + . .     SeeInvis .     k - +3 dagger (venom)
rCold  + . .     Gourm    .     r - +3 leather armour
rNeg   . . .     Faith    .     (shield restricted)
rPois  +         Spirit   .     (no helmet)
rElec  +         Dismiss  .     e - +0 cloak
rCorr  +         Reflect  .     d - +2 pair of gloves
SustAt .         Harm     .     (no boots)
MR     +++..                    (no amulet)
Stlth  +++++++...               (no ring)
                                (no ring)

@: lethally poisoned (0 -> -1), exhausted, resistant, regenerating, slowed, very
slow, extremely resistant to hostile enchantments, extremely stealthy
A: blink, carnivore 3, clever 1, high mp 1, magic resistance 1
a: Blink, Berserk, Trog's Hand, Brothers in Arms, Burn Spellbooks, Renounce
Religion


You were on level 9 of the Dungeon.
You worshipped Trog.
Trog was greatly pleased with you.
You were not hungry.

You visited 2 branches of the dungeon, and saw 10 of its levels.

You collected 501 gold pieces.

Inventory:

Hand Weapons
 k - a +3 dagger of venom (weapon)
Armour
 d - a +2 pair of gloves (worn)
 e - a +0 cloak (worn)
 g - a +1 robe of cold resistance
 o - a +1 robe of magic resistance
 r - a +3 leather armour (worn)
Wands
 l - a wand of enslavement (22/24)
Scrolls
 a - 2 scrolls of fog
 i - 6 scrolls of remove curse
Potions
 b - 2 potions of brilliance
 f - 2 potions of heal wounds
 h - 2 potions of curing
 m - 2 potions of agility
Comestibles
 c - a meat ration
 j - 4 slices of pizza
 p - 6 beef jerkies


   Skills:
 + Level 7.0 Fighting
 + Level 8.4 Short Blades
 - Level 1.5 Armour
 - Level 2.4 Dodging
 * Level 15.2 Stealth


You had 9 spell levels left.
You didn't know any spells.

Dungeon Overview and Level Annotations

Branches:
Dungeon (9/15)             Temple (1/1) D:6
   Lair: D:8-11         Orc: D:9-12

Altars:
Ashenzari
Dithmenos
Elyvilon
Fedhas
Gozag
Kikubaaqudgha
Makhleb
Nemelex Xobeh
Okawaru
Pakellas
Qazlal
Ru
Trog
Vehumet
Xom
Yredelemnul
Zin
The Shining One

Shops:
D:6 *

Annotations:
D:4 exclusion: 3 slaves, Pikel


Innate Abilities, Weirdness & Mutations

You are small and have problems with some larger weapons.
You are carnivorous and can eat meat at any time.
You can translocate small distances at will.
Your mind is acute. (Int +2)
You have an increased reservoir of magic (+10% MP).
You are resistant to hostile enchantments.


Message History

* * * LOW HITPOINT WARNING * * *
You are more poisoned.
The killer bee poisons you! The killer bee misses you.
You closely miss the killer bee.
The killer bee is almost dead.
You feel sick.
You kill the killer bee!
Trog accepts your kill.
The killer bee barely misses you. x2; The killer bee closely misses you.
The orc closely misses you. The killer bee misses you.
The killer bee closely misses you.
You hit the killer bee.
The killer bee is moderately wounded.
You feel the effects of Trog's Hand fading.
You feel sick. The killer bee barely misses you. x2
The killer bee stings you but does no damage.
Something hits you but does no damage. The killer bee stings you!
* * * LOW HITPOINT WARNING * * *
The orc misses you. The killer bee stings you.
You die...

.##...........#...#
.##...........#...#
.##.).........#.(.#
.##...........#...#
.##.†.........#.o.#
.##...........#ooo#
.##...........{Yoo#
.##...........Sy{y#
.##...........##@y#
.##...........#####
.##...........#
<##...........#
.##...........#
%##...........#
.##...........#
.##...........# .#
...........#


You could see an ice beast, 3 killer bees, an orc wizard, an adder and 5 orcs.

Vanquished Creatures
  Erica (D:9)
  Prince Ribbit (D:5)
  A wyvern (D:8)
  A hungry ghost (D:8)
  Duvessa (D:4)
  2 phantoms
  An eye of draining (D:5)
  2 ice beasts
  2 ogres
  A necrophage (D:8)
  A centaur (D:7)
  2 giant frogs
  Dowan (D:4)
  4 scorpions
  A killer bee (D:9)
  5 wights (D:6)
  A centaur zombie (D:8)
  A giant frog zombie (D:6)
  3 crimson imps
  5 hounds
  A giant frog skeleton (D:6)
  A centaur skeleton (D:6)
  5 orc wizards
  2 worker ants
  A hound zombie (D:7)
  8 adders
  4 gnolls (D:3)
  2 oozes
  2 adder skeletons
  5 worms
  A dart slug (D:3)
  3 giant geckos
  12 orcs
  A ball python (D:7)
  5 bats
  7 giant cockroaches
  7 goblins
  7 hobgoblins (D:2)
  5 kobolds
  4 quokkas
  A ball python skeleton (D:4)
  4 giant newts
  22 rats
  2 butterflies (D:6)
149 creatures vanquished.

Vanquished Creatures (others)
  A centaur (D:6)
  An ogre (D:6)
  A giant frog (D:6)
  A hound (D:6)
  A worker ant (D:6)
5 creatures vanquished.

Grand Total: 154 creatures vanquished

Notes
Turn   | Place    | Note
--------------------------------------------------------------
     0 | D:1      | Monkfish the Kobold Berserker began the quest for the Orb.
     0 | D:1      | Reached XP level 1. HP: 14/14 MP: 1/1
    24 | D:1      | Reached skill level 1 in Stealth
    27 | D:1      | Reached XP level 2. HP: 7/19 MP: 2/2
   284 | D:1      | Reached ** piety under Trog
   485 | D:1      | Reached XP level 3. HP: 8/24 MP: 3/3
   674 | D:1      | Gained mutation: You have an increased reservoir of magic (+10% MP). [potion of mutation]
   674 | D:1      | Gained mutation: Your mind is acute. (Int +2) [potion of mutation]
   674 | D:1      | Gained mutation: You are resistant to hostile enchantments. [potion of mutation]
   719 | D:2      | Found a burning altar of Makhleb.
   729 | D:2      | Reached skill level 2 in Stealth
   729 | D:2      | Reached XP level 4. HP: 29/29 MP: 4/4
   803 | D:2      | Reached skill level 5 in Short Blades
  1023 | D:2      | Found a sacrificial altar of Ru.
  1025 | D:2      | Reached XP level 5. HP: 32/34 MP: 5/5
  1425 | D:3      | Reached skill level 3 in Stealth
  1515 | D:3      | Reached *** piety under Trog
  1695 | D:3      | Reached skill level 4 in Stealth
  1700 | D:3      | Reached XP level 6. HP: 40/40 MP: 6/6
  2120 | D:3      | Reached skill level 5 in Stealth
  2186 | D:4      | Noticed a phantom
  2190 | D:4      | Killed a phantom
  2190 | D:4      | Reached skill level 5 in Fighting
  2199 | D:4      | Found a shimmering altar of Xom.
  2372 | D:4      | Reached skill level 6 in Stealth
  2379 | D:4      | Noticed a slave
  2380 | D:4      | Noticed Pikel
  2380 | D:4      | Noticed a slave
  2380 | D:4      | Noticed a slave
  2395 | D:4      | Reached XP level 7. HP: 44/44 MP: 7/7
  2440 | D:4      | Noticed Dowan
  2470 | D:4      | Noticed Duvessa
  2471 | D:4      | Killed Dowan
  2485 | D:4      | Killed Duvessa
  2485 | D:4      | Reached skill level 7 in Stealth
  2543 | D:4      | Reached skill level 8 in Stealth
  2797 | D:5      | Entered Level 5 of the Dungeon
  3032 | D:5      | Reached XP level 8. HP: 42/49 MP: 8/8
  3136 | D:5      | Found a white marble altar of Elyvilon.
  3143 | D:5      | Noticed Prince Ribbit
  3273 | D:5      | Reached skill level 9 in Stealth
  3332 | D:5      | Found a bloodstained altar of Trog.
  3612 | D:5      | Killed Prince Ribbit
  3612 | D:5      | Reached skill level 10 in Stealth
  3702 | D:6      | Found a staircase to the Ecumenical Temple.
  3731 | D:6      | Found Zin's Purification Station.
  3734 | D:6      | Found a glowing silver altar of Zin.
  3866 | D:6      | Reached skill level 11 in Stealth
  4050 | D:6      | Reached XP level 9. HP: 54/54 MP: 9/9
  4197 | D:6      | Reached skill level 12 in Stealth
  4318 | Temple   | Entered the Ecumenical Temple
  5323 | D:7      | Found a sacrificial altar of Ru.
  5673 | D:7      | Reached skill level 13 in Stealth
  5883 | D:8      | Reached **** piety under Trog
  6103 | D:8      | Gained mutation: You can translocate small distances at will. [potion of beneficial mutation]
  6734 | D:8      | Reached skill level 14 in Stealth
  6803 | D:9      | Noticed Erica
  6971 | D:9      | Killed Erica
  6971 | D:9      | Reached skill level 15 in Stealth
  6971 | D:9      | Reached XP level 10. HP: 63/63 MP: 11/11
  7011 | D:9      | Slain by a killer bee

Skill      XL: |  1  2  3  4  5  6  7  8  9 |
---------------+----------------------------+-----
Stealth        | 1 2 4 6 8 11 15 | 15.2
Fighting       | 4 5 7 |  7.0
Short Blades   | 5 6 8 |  8.4
Armour         | |  1.5
Dodging        | |  2.4

Action                   |  1- 3 |  4- 6 |  7- 9 | 10-12 || total
-------------------------+-------+-------+-------+-------++-------
Melee: Short sword       |    90 |    44 |       |       ||   134
       Dagger            |       |    83 |   335 |    15 ||   433
Invok: Berserk           |     3 |     2 |     9 |       ||    14
       Trog's Hand       |       |     1 |    10 |     1 ||    12
       Burn Spellbooks   |       |       |     3 |       ||     3
  Use: Potion            |     3 |       |     3 |     6 ||    12
       Scroll            |     2 |     8 |     9 |       ||    19
 Stab: Sleeping          |     1 |    14 |    21 |       ||    36
       Invisible         |       |     1 |       |       ||     1
       Distracted        |       |     1 |     1 |       ||     2
  Eat: Chunk             |     8 |     5 |     7 |       ||    20
       Meat ration       |       |       |     3 |       ||     3
Armor: Animal skin       |     5 |       |       |       ||     5
       Robe              |    10 |    10 |    40 |       ||    60
       Leather armour    |       |       |     1 |    40 ||    41
Dodge: Dodged            |    78 |    73 |   145 |   122 ||   418
